 Dungeon Crawl Stone Soup version 0.18-a0-1805-g8ab820f (webtiles) character file.

1540 varam the Chopper (level 8, -1/68 HPs)
             Began as a Demonspawn Berserker on Apr 26, 2016.
             Was a Priest of Trog.
             Succumbed to a water moccasin's poison
             ... on level 6 of the Dungeon.
             The game lasted 00:21:43 (6068 turns).

varam the Chopper (Demonspawn Berserker)            Turns: 6068, Time: 00:21:44

Health: -1/68      AC: 13    Str: 17 (20) XL:     8   Next: 56%
Magic:  8/8        EV: 10    Int: 11 (14) God:    Trog [***...]
Gold:   380        SH:  4    Dex:  9 (12) Spells: 0 memorised, 7 levels left

rFire  + . .     SeeInvis .     E - +2 flail (venom)
rCold  . . .     Gourm    .     m - +0 scale mail
rNeg   + . .     Faith    .     q - +0 buckler
rPois  +         Spirit   .     e - +1 hat
rElec  .         Dismiss  .     (no cloak)
rCorr  .         Reflect  .     k - +1 pair of gloves
SustAt .         Harm     .     r - +0 pair of boots
MR     .....                    v - amulet of regeneration
Stlth  ..........               b - ring of poison resistance
                                o - ring of positive energy

@: brilliant, lethally poisoned (-1 -> -14), not resistant to hostile
enchantments, extremely unstealthy
A: antennae 2, thin metallic scales 1, fire resistance 1, robust 1, rot immunity
a: Berserk, Trog's Hand, Burn Spellbooks, Renounce Religion


You were on level 6 of the Dungeon.
You worshipped Trog.
Trog was most pleased with you.
You were hungry.

You visited 1 branch of the dungeon, and saw 6 of its levels.

You collected 380 gold pieces.

Inventory:

Hand Weapons
 a - a +2 hand axe of freezing
 u - a +2 hand axe of pain
 E - a +2 flail of venom (weapon)
Armour
 e - a +1 hat (worn)
 k - a +1 pair of gloves (worn)
 m - a +0 scale mail (worn)
 q - a +0 buckler (worn)
 r - a +0 pair of boots (worn)
Jewellery
 b - a ring of poison resistance (right hand)
 o - a ring of positive energy (left hand)
 v - an amulet of regeneration (around neck)
Wands
 x - a wand of digging (24/24)
 B - a wand of lightning (7/15)
Scrolls
 d - a scroll of noise
 h - 5 scrolls of identify
 n - 7 scrolls of remove curse
 p - a scroll of blinking {unknown}
 t - a scroll of enchant armour
 D - a scroll of enchant weapon
Potions
 g - a potion of cancellation
 i - a potion of invisibility {unknown}
 j - 2 potions of mutation
Comestibles
 f - a bread ration
 w - a meat ration
 C - 2 royal jellies


   Skills:
 + Level 5.3 Fighting
 + Level 7.5 Axes
 + Level 0.6(4.7) Maces & Flails
 + Level 3.4 Armour
 + Level 3.6 Dodging
 + Level 3.0 Shields


You had 7 spell levels left.
You didn't know any spells.

Dungeon Overview and Level Annotations

Branches:
Dungeon (6/15)
 Temple: D:4-7

Altars:
Gozag
Okawaru
Trog
Xom
Zin

Shops:
D:5 (


Innate Abilities, Weirdness & Mutations

You have a pair of antennae on your head.
You are partially covered in thin metallic scales (AC +2).
You are immune to rotting.
Your flesh is heat resistant.
You are robust (+10% HP).


Message History

* * * LOW HITPOINT WARNING * * *
You are lethally poisoned!
The water moccasin poisons you!
Okay, then.
You feel less exhausted.
* * * LOW HITPOINT WARNING * * *
You feel very sick.
* * * LOW HITPOINT WARNING * * *
You feel very sick.
* * * LOW HITPOINT WARNING * * *
You feel sick. The water moccasin bites you.
* * * LOW HITPOINT WARNING * * *
You hit the water moccasin.
The water moccasin is almost dead.
* * * LOW HITPOINT WARNING * * *
You feel very sick. The water moccasin misses you.
You miss the water moccasin.
The water moccasin is almost dead.
You die...

###### #.#...##
#.#....######
#.'....'....#
#####.#####.#####
######
#^≈^###....h.# .
#....#
##♣§≈_.##h####.# ..
.....####...≈.≈.#h#
#.# ...
.......[#.._....#S#
#h# ...(
.<...##.^≈♣._...@.#
#h#####.....
(....####_#≈≈^≈.###
#..)h)...... .....#
#_....≈.#
####........ .....#
##≈^...## #.......!
.....######...##
#...###..
.....[....##.##
##### .
.....####....#
.....# ######
######


You could see a water moccasin and 2 hounds.

Vanquished Creatures
  The ghost of Mefis the Magician, an amateur DEWz (D:5)
  The ghost of feelmyfire the Cudgeler, an amateur MiFi (D:4)
  2 ogres (D:4)
  A phantom (D:4)
  2 centaurs
  2 giant frogs
  3 scorpions
  A water moccasin skeleton (D:4)
  A howler monkey (D:4)
  2 crimson imps (D:5)
  A giant frog zombie (D:5)
  A giant frog skeleton (D:5)
  An orc priest (D:6)
  Jessica (D:3)
  An iguana (D:4)
  4 worker ants
  7 adders
  A howler monkey skeleton (D:4)
  A shadow imp (D:5)
  5 worms
  4 giant geckos
  9 orcs
  2 ball pythons (D:1)
  4 bats
  5 giant cockroaches
  6 goblins
  5 hobgoblins
  8 jackals
  7 kobolds (D:1)
  A quokka (D:4)
  2 giant newts
  5 rats
97 creatures vanquished.

Vanquished Creatures (others)
  2 plants (D:1)
2 creatures vanquished.

Grand Total: 99 creatures vanquished

Notes
Turn   | Place    | Note
--------------------------------------------------------------
     0 | D:1      | varam the Demonspawn Berserker began the quest for the Orb.
     0 | D:1      | Reached XP level 1. HP: 18/18 MP: 1/1
    77 | D:1      | Reached skill level 3 in Axes
   299 | D:1      | Gained mutation: You are partially covered in thin metallic scales (AC +2). [demonic ancestry]
   299 | D:1      | Reached XP level 2. HP: 22/24 MP: 2/2
   653 | D:1      | Reached ** piety under Trog
   916 | D:1      | Gained mutation: You are immune to rotting. [demonic ancestry]
   916 | D:1      | Reached XP level 3. HP: 29/29 MP: 3/3
  1489 | D:2      | Reached skill level 4 in Axes
  2199 | D:2      | Found an opulent altar of Gozag.
  2600 | D:3      | Reached XP level 4. HP: 35/35 MP: 4/4
  2622 | D:3      | Noticed Jessica
  2640 | D:3      | Killed Jessica
  2649 | D:3      | Found a bloodstained altar of Trog.
  2711 | D:3      | Reached skill level 5 in Axes
  3034 | D:4      | Noticed feelmyfire's ghost (amateur MiFi)
  3041 | D:4      | Killed feelmyfire's ghost
  3041 | D:4      | Reached skill level 6 in Axes
  3041 | D:4      | Reached XP level 5. HP: 41/41 MP: 5/5
  3098 | D:4      | Gained mutation: You have a pair of small antennae on your head. [demonic ancestry]
  3098 | D:4      | Reached XP level 6. HP: 8/47 MP: 6/6
  3103 | D:4      | HP: 2/47 [poisoned by a worker ant]
  3868 | D:4      | Reached XP level 7. HP: 54/54 MP: 7/7
  4329 | D:4      | Reached skill level 1 in Shields
  4718 | D:4      | Reached skill level 7 in Axes
  4913 | D:5      | Entered Level 5 of the Dungeon
  4980 | D:5      | Noticed Mefis's ghost (amateur DEWz)
  4986 | D:5      | Found Wodadal's Weapon Boutique.
  4990 | D:5      | Killed Mefis's ghost
  4990 | D:5      | Gained mutation: You have a pair of antennae on your head. [demonic ancestry]
  4990 | D:5      | Reached XP level 8. HP: 61/61 MP: 8/8
  5180 | D:6      | Found a shimmering altar of Xom.
  5202 | D:5      | Reached *** piety under Trog
  5202 | D:5      | Reached skill level 5 in Fighting
  5434 | D:5      | Found an iron altar of Okawaru.
  5642 | D:5      | Noticed an angel
  5643 | D:5      | Found a glowing silver altar of Zin.
  5852 | D:6      | Found a shimmering altar of Xom.
  5853 | D:6      | Found a shimmering altar of Xom.
  5853 | D:6      | Found a shimmering altar of Xom.
  5854 | D:6      | Found a shimmering altar of Xom.
  6054 | D:6      | Gained mutation: Your flesh is heat resistant. [potion of mutation]
  6054 | D:6      | Gained mutation: You are robust (+10% HP). [potion of mutation]
  6067 | D:6      | HP: 2/68 [poisoned by a water moccasin]
  6068 | D:6      | Succumbed to a water moccasin's poison

Vault maps used:
D:1:      dpeg_arrival_rooms_a, fountainhead, lexackson_kobold_supper
D:2:      kennysheep_big_flooded_room, lemuel_round_altar, roderic_lattice_a
D:3:      bloody_trog, uniq_jessica
D:4:      nicolae_ossuary_entry_plus, uniq_crazy_yiuf_cottage
D:5:      zin_angel, kennysheep_mini_moat, first_bread, serial_shops,
          shop_statue, st_stairs_5
D:6:      xom_redecorated

Skill      XL: |  1  2  3  4  5  6  7  8 |
---------------+-------------------------+-----
Axes           | 3 4 6 7 |  7.5
Fighting       | 4 5 |  5.3
Armour         | 2 3 |  3.4
Dodging        | 2 3 |  3.6
Shields        | 2 3 |  3.0
Maces & Flails | |  0.6

Action                   |  1- 3 |  4- 6 |  7- 9 || total
-------------------------+-------+-------+-------++-------
Melee: Hand axe          |   151 |    98 |    97 ||   346
       Flail             |       |       |    44 ||    44
Invok: Berserk           |       |     4 |    10 ||    14
       Trog's Hand       |       |     1 |     1 ||     2
  Use: Scroll            |       |     6 |     1 ||     7
       Potion            |       |     2 |     4 ||     6
  Eat: Chunk             |     1 |     1 |     5 ||     7
       Bread ration      |     1 |       |     1 ||     2
       Meat ration       |       |     2 |     1 ||     3
Armor: Animal skin       |    26 |       |       ||    26
       Scale mail        |    36 |    46 |    79 ||   161
Dodge: Dodged            |   113 |    40 |    75 ||   228
Block: Buckler           |     4 |    11 |    18 ||    33
